AoeStats
← Forlong

Oasis

509299481Analyzed
2v2 RM · 21d ago on Sep 26, 2026· 45m 57s· 4 players
Game mode
Random Map
Map size
Medium (4 player)
Population
200
Speed
Normal
Resources
Standard
Victory
Conquest
Starting age
Dark Age
Ending age
Imperial Age
RankedLock teamsTeams togetherTeam positionsShared explorationLock speedFull tech treeHidden civsTurbo modeCheats
Victory
Defeat
🇬🇧 Ethiopians · United Kingdom
1166
+15
🇨🇳 Franks · China
1083
+18
vs
🇩🇪 Britons · Germany
1177
-18
🇩🇪 Goths · Germany
1106
-15
Drachenlord93
8:40 Loom
10:58 Feudal Age
12:21 Double-Bit Axe
17:57 Castle Age
18:50 Bow Saw
22:45 Pikeman
29:22 Horse Collar
29:47 Padded Archer Armor
29:49 Scale Mail Armor
31:33 Squires
31:56 Leather Archer Armor
32:10 Gold Mining
33:51 Anarchy
34:44 Forging
34:50 Chain Mail Armor
34:58 Heavy Plow
35:58 Wheelbarrow
38:00 Imperial Age
39:17 Iron Casting
38:59 Elite Huskarl
39:22 Halberdier
43:53 Hand Cart
Forlong
3:05 Loom
11:06 Feudal Age
16:16 Castle Age
15:00 Double-Bit Axe
14:57 Horse Collar
15:11 Stone Mining
17:17 Bow Saw
23:38 Pikeman
24:44 Squires
26:57 Wheelbarrow
26:27 Heavy Plow
28:18 Town Watch
28:52 Hand Cart
33:09 Imperial Age
31:41 Fletching
31:53 Padded Archer Armor
32:35 Bodkin Arrow
33:08 Ballistics
32:16 Elite Skirmisher
34:24 Conscription
35:35 Chemistry
34:43 Bracer
35:00 Leather Archer Armor
35:55 Town Patrol
36:12 Masonry
37:27 Heavy Mounted Crossbowman
37:27 Cranequins
43:50 Onager
44:15 Elite Longbowman
45:28 Ring Archer Armor
45:06 Scale Barding Armor
44:46 Onager
ageofcardiff
6:41 Loom
11:37 Feudal Age
12:17 Horse Collar
17:04 Castle Age
15:23 Double-Bit Axe
17:58 Bow Saw
17:51 Heavy Plow
25:23 Wheelbarrow
27:31 Ballistics
30:47 Imperial Age
27:45 Elite Skirmisher
28:20 Fletching
28:37 Padded Archer Armor
28:53 Gold Mining
29:44 Hand Cart
29:33 Stone Mining
30:20 Gold Shaft Mining
29:43 Stone Mining
29:56 Town Watch
31:02 Masonry
30:21 Crossbowman
32:32 Chemistry
31:52 Bodkin Arrow
32:13 Leather Archer Armor
33:05 Two-Man Saw
33:09 Arbalester
34:20 Bracer
35:18 Ring Archer Armor
35:49 Conscription
35:37 Thumb Ring
35:51 Caravan
36:13 Torsion Engines
37:55 Forging
37:45 Scale Mail Armor
38:18 Squires
38:04 Arson
38:57 Siege Engineers
39:41 Iron Casting
41:26 Stone Shaft Mining
40:37 Heavy Scorpion
菜鸟蛋小黄
9:26 Feudal Age
19:22 Castle Age
18:08 Gold Mining
18:10 Double-Bit Axe
19:14 Padded Archer Armor
19:22 Scale Barding Armor
20:44 Forging
21:28 Chain Barding Armor
25:29 Husbandry
26:32 Stone Mining
27:43 Gold Shaft Mining
28:03 Bow Saw
31:40 Iron Casting
32:40 Wheelbarrow
33:20 Wheelbarrow
36:52 Imperial Age
37:14 Imperial Age
35:05 Hand Cart
35:43 Scale Mail Armor
35:51 Squires
35:37 Arson
38:00 Chivalry
37:32 Cavalier
46:17 Plate Barding Armor
46:43 Blast Furnace
45:22 Elite Skirmisher
46:42 Chain Mail Armor
Connection lost

Rejoining the realm…

Still unreachable

The connection could not be restored.

Session expired

The server has moved on; the page needs a fresh start.